 Dungeon Crawl Stone Soup version 0.27.1-4-g1640c2035a (webtiles) character file.

Game seed: 9849245910448845917

153 theEndsummarily the Insei (level 5, -3/39 HPs)
             Began as a Djinni Transmuter on Nov 17, 2021.
             Killed from afar by Natasha (9 damage)
             ... with a magic dart
             ... on level 2 of the Dungeon.
             The game lasted 00:05:43 (2590 turns).

theEndsummarily the Insei (Djinni Transmuter)       Turns: 2590, Time: 00:05:44

Health: -3/39      AC:  2    Str:  9    XL:     5   Next: 61%
Gold:   85         EV: 13    Int: 15    God:
                   SH:  0    Dex: 14

rFire    + + .     SeeInvis .   d - +2 dagger (freeze)
rCold    x . .     Faith    .   (no shield)
rNeg     . . .     Spirit   .   a - +0 robe
rPois    ∞         Reflect  .   (helmet currently unavailable)
rElec    .         Harm     .   (no cloak)
rCorr    .         Rampage  .   (no gloves)
Will     .....                  (boots unavailable)
Stlth    +.........             (no amulet)
HPRegen  0.13/turn              (no ring)
MPRegen  0.00/turn              (no ring)

@: appendages (expiring), flying, slowed, very slow
A: horns 2, flying, sickness immunity, fire resistance 2, cold vulnerability 1,
float, innate caster, hp casting, extra vitality 1
a: End Transformation


You were on level 2 of the Dungeon.
You had temporarily grown beastly horns.
You visited 1 branch of the dungeon, and saw 2 of its levels.

You collected 85 gold pieces.

Inventory:

Hand Weapons
 d - a +2 dagger of freezing (weapon)
 f - a +2 short sword of venom
Armour
 a - a +0 robe (worn)
Scrolls
 b - a scroll of teleportation {unknown}
 c - 3 scrolls of enchant armour {unknown}
 e - 2 scrolls of identify {unknown}
Potions
 g - a potion of heal wounds
 h - a potion of berserk rage {unknown}


   Skills:
 + Level 2.5 Fighting
 + Level 3.4 Dodging
 + Level 3.9 Unarmed Combat
 + Level 2.4 Spellcasting


You couldn't memorise any spells.
You knew the following spells:

 Your Spells              Type           Power      Damage    Failure   Level
a - Beastly Appendage     Tmut           18%        N/A       8%          1
b - Wereblood             Tmut           9%         N/A       12%         2
c - Spider Form           Tmut/Pois      4%         N/A       24%         3
d - Ice Form              Ice/Tmut       9%         N/A       61%         4
e - Sting                 Tmut/Pois      36%        1d4       8%          1
f - Blink                 Tloc           N/A        N/A       12%         2
Your spell library was empty.

Dungeon Overview and Level Annotations

Branches:
Dungeon (2/15)

Altars:
Trog

Shops:
D:1 :

Annotations:
D:2 Natasha


Innate Abilities, Weirdness & Mutations

You have temporarily grown beastly horns.
You are flying.
You are immune to sickness and miasma.
You are immune to poison.
Your flesh is very heat resistant. (rF++)
You are vulnerable to cold. (rC-)
You float through the air rather than walking.
You learn spells naturally, not from books.
Your magical power is your life essence.
You have superior vitality. (+4 HP)


Message History

Natasha casts a spell at you. The magic dart hits you.
Natasha stares at you and mumbles some strange words.
The magic dart hits you!
You barely miss Natasha.
Natasha is heavily wounded.
Natasha drinks a potion.
Natasha seems to grow stronger.
You barely miss Natasha.
Natasha is heavily wounded.
Your transformation is almost over.
Natasha barely misses you.
Natasha mumbles some strange words.
Natasha's front paws start to glow.
Natasha misses you.
You barely miss Natasha. Your headbutt misses Natasha.
Natasha is heavily wounded.
Natasha stares at you and mumbles some strange words.
You feel as though you will be slow longer.
You closely miss Natasha. You headbutt Natasha, but do no damage.
Natasha is heavily wounded.
Natasha claws you!
Natasha casts a spell.
You hit Natasha. You freeze Natasha.
Natasha is almost dead.
Natasha misses you. The crimson imp hits you.
You closely miss Natasha.
Natasha is severely wounded.
Natasha closely misses you.
The crimson imp shouts, "Quit, thou horrid hasty-witted death-token!"
The crimson imp hits you.
Natasha stares at you and mumbles some strange words.
The magic dart hits you!
* * * LOW HITPOINT WARNING * * *
The crimson imp puffs mist at you.
The crimson imp blinks!
You closely miss Natasha.
Natasha is severely wounded.
Natasha casts a spell at you. The magic dart hits you!
You die...

##..###.#..................##.#.#
#....#.##.....#........#####.#..
##.#.........#####.##.......>#..
#.###.####..#####.#...#######..
#.....# #........#...# #..
############h########...# #..
.............### #...# ##.
.......##......######...###### #.
.......##.#.##.#@.(...5......###.
..........#...)h.§...............
.......#.....#.#....).........##.
.......##..#.#.####.#)...####.##.
...<...........# #.#....# #.##.
...#.###.##.#### #.#....# #.##.
##)#.###.##.# #.#....# #.##.
##.#........# #.#....# #.<..
.........#### #......####....


You could see Natasha (strong) and a crimson imp (summoned).

Vanquished Creatures
  Natasha (twice) (D:2)
  A hound skeleton (D:2)
  A gnoll (D:1)
  2 adders (D:2)
  A dart slug (D:2)
  3 orcs (D:2)
  3 ball pythons (D:1)
  5 endoplasms
  2 giant cockroaches (D:2)
  6 goblins
  5 hobgoblins
  11 jackals (D:1)
  3 kobolds
  2 quokkas (D:2)
  2 frilled lizards
  2 rats (D:1)
51 creatures vanquished.

Notes
Turn   | Place    | Note
-------+----------+-------------------------------------------
     0 | D:1      | theEndsummarily the Djinni Transmuter began the quest for
                  | the Orb.
     0 | D:1      | Reached XP level 1. HP: 17/17 MP: 0/0
    52 | D:1      | Found Ufishit's Book Shop.
   129 | D:1      | Reached XP level 2. HP: 21/22 MP: 0/0
   452 | D:1      | Reached XP level 3. HP: 26/27 MP: 0/0
   452 | D:1      | Learned a level 1 spell: Sting
   623 | D:1      | Found a faded altar of an unknown god.
   970 | D:2      | Reached XP level 4. HP: 21/33 MP: 0/0
  2029 | D:2      | Found a bloodstained altar of Trog.
  2035 | D:2      | Reached XP level 5. HP: 27/38 MP: 0/0
  2035 | D:2      | Learned a level 2 spell: Blink
  2186 | D:2      | Noticed Natasha
  2194 | D:2      | Killed Natasha
  2417 | D:2      | Noticed Natasha
  2427 | D:2      | Killed Natasha
  2552 | D:2      | Noticed Natasha
  2590 | D:2      | Killed from afar by Natasha

Illustrated notes

Levels and vault maps discovered:
D:1:      ncdulo_wetmaze, layout_rooms, serial_shops, nicolae_shop_crystal,
          shapermc_ecumenical_altar_pompeii
D:2:      layout_loops_cross, basic_altar, uniq_natasha

Skill      XL: |  1  2  3  4 |
---------------+-------------+-----
Spellcasting   | 2 |  2.4
Dodging        | 3 |  3.4
Fighting       | 2 |  2.5
Unarmed Combat | |  3.9

Action                   |  1- 3 |  4- 6 || total
-------------------------+-------+-------++-------
Melee: Unarmed           |    13 |       ||    13
       Headbutt          |     7 |     9 ||    16
       Dagger            |    71 |   101 ||   172
 Cast: Beastly Appendage |    10 |     9 ||    19
  Use: Potion            |       |     1 ||     1
Armor: Robe              |    12 |     8 ||    20
Dodge: Dodged            |    47 |    50 ||    97
